TOP OF THE 1ST |
Montreal Expos batting - Pitching for Detroit Tigers : RHP Eric Putnam
|
Pitching: RHP Eric Putnam
|
|
Batting: LHB Bill McGregor
|
0-0: Ball 1-0: Foul Ball, location: 2F 1-1: Foul Ball, location: 2F 1-2: SINGLE (Groundball, 5L, EV 96.9 MPH)
|
Batting: LHB Steve Anderson
|
0-0: Swinging Strike 0-1: Fly out, F7 (Line Drive, 78M, EV 104.4 MPH)
|
Batting: RHB Mike Salmon
|
0-0: Foul Ball, location: 2F 0-1: Ball 1-1: 2-RUN HOME RUN (Flyball, 8LXD, EV 115.0 MPH), Distance : 449 ft
|
Batting: LHB Austin Ohmer
|
0-0: Called Strike 0-1: Swinging Strike 0-2: Ball 1-2: Strikes out swinging
|
Batting: RHB Steve French
|
0-0: Ball 1-0: Foul Ball, location: 2F 1-1: Ball 2-1: Swinging Strike 2-2: Ball 3-2: SINGLE (Groundball, 6MS, EV 87.5 MPH) (infield hit)
|
Batting: RHB Hugo Bautista
|
0-0: Fielders Choice at 2nd, 6-4 (Groundball, 6, EV 85.0 MPH)
|
Top of the 1st over - 2 runs, 3 hits, 0 errors, 1 left on base; Montreal 2 - Detroit 0 |
BOTTOM OF THE 1ST |
Detroit Tigers batting - Pitching for Montreal Expos : RHP Cheng-ho Hsu
|
Pitching: RHP Cheng-ho Hsu
|
|
Batting: LHB Tyler Davis
|
0-0: Foul Ball, location: 2F 0-1: Swinging Strike 0-2: Strikes out swinging
|
Batting: RHB Ryan Neal
|
0-0: Called Strike 0-1: Foul Ball, location: 2F 0-2: Foul Ball, location: 2F 0-2: Strikes out swinging
|
Batting: RHB Victor Quinones
|
0-0: Foul Ball, location: 2F 0-1: Ball 1-1: Swinging Strike 1-2: Fly out, F8 (Flyball, 78D, EV 98.1 MPH)
|
Bottom of the 1st over - 0 runs, 0 hits, 0 errors, 0 left on base; Montreal 2 - Detroit 0 |
TOP OF THE 2ND |
Montreal Expos batting - Pitching for Detroit Tigers : RHP Eric Putnam
|
Batting: RHB C.J. Beavers
|
0-0: Ball 1-0: Bunt for hit to 15 - play at first, batter OUT! 1-3
|
Batting: RHB Eugênio Asceno
|
0-0: Foul Ball, location: 2F 0-1: Ball 1-1: Swinging Strike 1-2: Foul Ball, location: 2F 1-2: Strikes out looking
|
Batting: RHB Robby Juarez
|
0-0: Ball 1-0: Swinging Strike 1-1: Swinging Strike 1-2: Ball 2-2: SINGLE (Groundball, 56D, EV 103.8 MPH)
|
Batting: LHB Bill McGregor
|
0-0: Called Strike Robby Juarez is caught stealing 2nd base 2-6
|
Top of the 2nd over - 0 runs, 1 hit, 0 errors, 0 left on base; Montreal 2 - Detroit 0 |
BOTTOM OF THE 2ND |
Detroit Tigers batting - Pitching for Montreal Expos : RHP Cheng-ho Hsu
|
Batting: LHB Morgan Black
|
0-0: Ball 1-0: Ball 2-0: Fly out, F8 (Flyball, 78M, EV 76.9 MPH)
|
Batting: RHB Dave Reynolds
|
0-0: Swinging Strike 0-1: Ball 1-1: Called Strike 1-2: Ball 2-2: Strikes out looking
|
Batting: RHB Adrian Novakovic
|
0-0: Ball 1-0: Foul Ball, location: 2F 1-1: SINGLE (Groundball, 6MD, EV 105.0 MPH) (infield hit)
|
Batting: SHB Ross Holland
|
0-0: Called Strike 0-1: Swinging Strike 0-2: Strikes out swinging
|
Bottom of the 2nd over - 0 runs, 1 hit, 0 errors, 1 left on base; Montreal 2 - Detroit 0 |
TOP OF THE 3RD |
Montreal Expos batting - Pitching for Detroit Tigers : RHP Eric Putnam
|
Batting: LHB Bill McGregor
|
0-0: Called Strike 0-1: Fly out, F9 (Flyball, 9D, EV 105.0 MPH)
|
Batting: LHB Steve Anderson
|
0-0: Swinging Strike 0-1: Swinging Strike 0-2: Ground out U3 (Groundball, 3, EV 78.1 MPH)
|
Batting: RHB Mike Salmon
|
0-0: Ball 1-0: Ball 2-0: Ball 3-0: Base on Balls
|
Batting: LHB Austin Ohmer
|
0-0: Called Strike 0-1: Ground out 6-3 (Groundball, 6M, EV 82.5 MPH)
|
Top of the 3rd over - 0 runs, 0 hits, 0 errors, 1 left on base; Montreal 2 - Detroit 0 |
BOTTOM OF THE 3RD |
Detroit Tigers batting - Pitching for Montreal Expos : RHP Cheng-ho Hsu
|
Batting: LHB Emmanuel Gaskin
|
0-0: Foul Ball, location: 2F 0-1: Swinging Strike 0-2: Ground out 3-1 (Groundball, 34S, EV 86.9 MPH)
|
Batting: RHB Jerry Jauregui
|
0-0: Ball 1-0: Swinging Strike 1-1: Ball 2-1: Foul Ball, location: 2F 2-2: Fly out, F8 (Flyball, 8LD, EV 108.1 MPH)
|
Batting: LHB Tyler Davis
|
0-0: Called Strike 0-1: SINGLE (Line Drive, 8RS, EV 96.9 MPH)
|
Batting: RHB Ryan Neal
|
0-0: Called Strike 0-1: Ball 1-1: Called Strike 1-2: Ball 2-2: Strikes out swinging
|
Bottom of the 3rd over - 0 runs, 1 hit, 0 errors, 1 left on base; Montreal 2 - Detroit 0 |
TOP OF THE 4TH |
Montreal Expos batting - Pitching for Detroit Tigers : RHP Eric Putnam
|
Batting: RHB Steve French
|
0-0: Ball 1-0: Ball 2-0: Ball 3-0: Foul Ball, location: 2F 3-1: Base on Balls
|
Batting: RHB Hugo Bautista
|
0-0: Swinging Strike 0-1: Ball 1-1: Foul Ball, location: 2F 1-2: Foul Ball, location: 2F 1-2: Foul Ball, location: 2F 1-2: Ball 2-2: Foul Ball, location: 2F 2-2: Ball 3-2: SINGLE (Groundball, 3D, EV 107.5 MPH) Steve French to second Runner from 2nd tries for 3rd, SAFE, throw by RF made to third Hugo Bautista to second
|
Batting: RHB C.J. Beavers
|
0-0: Swinging Strike 0-1: Ground out 6-3 (Groundball, 56D, EV 97.5 MPH) Steve French scores
|
Batting: RHB Eugênio Asceno
|
0-0: Ball 1-0: Ball 2-0: Ball 3-0: Called Strike 3-1: Foul Ball, location: 2F 3-2: Base on Balls
|
Batting: RHB Robby Juarez
|
0-0: Fielders Choice at 2nd, 5-4 (Groundball, 15, EV 78.1 MPH) Hugo Bautista to third
|
Batting: LHB Bill McGregor
|
0-0: Called Strike 0-1: Called Strike Robby Juarez steals 2nd base 0-2: Foul Ball, location: 2F 0-2: Foul Ball, location: 2F 0-2: SINGLE (Flyball, 4D, EV 89.4 MPH) Hugo Bautista scores Robby Juarez to third Runner from 3rd tries for Home, SAFE, throw by CF to home
|
Batting: LHB Steve Anderson
|
0-0: Called Strike 0-1: Called Strike 0-2: SINGLE (Line Drive, 8LS, EV 96.9 MPH) Bill McGregor to second Runner from 2nd tries for 3rd, SAFE, throw by CF made to third
|
Batting: RHB Mike Salmon
|
0-0: Ball 1-0: Ball 2-0: Foul Ball, location: 2F 2-1: SINGLE (Line Drive, 7S, EV 93.1 MPH) Bill McGregor scores Steve Anderson to second
|
Pitching: RHP Franz Holzknecht
|
|
Batting: LHB Austin Ohmer
|
0-0: Ball 1-0: Called Strike 1-1: Ball 2-1: Foul Ball, location: 2F 2-2: Ball 3-2: Foul Ball, location: 2F 3-2: 3-RUN HOME RUN (Flyball, 78XD, EV 108.8 MPH), Distance : 419 ft
|
Batting: RHB Steve French
|
0-0: Called Strike 0-1: Swinging Strike 0-2: Ball 1-2: Ball 2-2: Ball 3-2: Base on Balls
|
Batting: RHB Hugo Bautista
|
0-0: Ball 1-0: Fielders Choice at 2nd, 6-4 (Groundball, 56, EV 107.5 MPH)
|
Top of the 4th over - 7 runs, 5 hits, 0 errors, 1 left on base; Montreal 9 - Detroit 0 |
BOTTOM OF THE 4TH |
Detroit Tigers batting - Pitching for Montreal Expos : RHP Cheng-ho Hsu
|
Batting: RHB Victor Quinones
|
0-0: Ball 1-0: Swinging Strike 1-1: Ball 2-1: SOLO HOME RUN (Flyball, 9D, EV 98.8 MPH), Distance : 363 ft
|
Batting: LHB Morgan Black
|
0-0: Called Strike 0-1: Foul Ball, location: 2F 0-2: Strikes out looking
|
Batting: RHB Dave Reynolds
|
0-0: Ball 1-0: Swinging Strike 1-1: Ball 2-1: Called Strike 2-2: Ground out 4-3 (Groundball, 4, EV 110.0 MPH)
|
Batting: RHB Adrian Novakovic
|
0-0: Ball 1-0: Called Strike 1-1: Called Strike 1-2: Foul Ball, location: 2F 1-2: Fly out, F7 (Flyball, 7LMF, EV 85.0 MPH)
|
Bottom of the 4th over - 1 run, 1 hit, 0 errors, 0 left on base; Montreal 9 - Detroit 1 |
TOP OF THE 5TH |
Montreal Expos batting - Pitching for Detroit Tigers : RHP Franz Holzknecht
|
Batting: RHB C.J. Beavers
|
0-0: Ball 1-0: Ball 2-0: Called Strike 2-1: Ball 3-1: Base on Balls
|
Batting: RHB Eugênio Asceno
|
0-0: Ball 1-0: Ball 2-0: Foul Ball, location: 2F 2-1: Fielders Choice at 2nd, 3-6 (Groundball, 34, EV 103.8 MPH)
|
Batting: RHB Robby Juarez
|
0-0: Ground out 6-3 (Groundball, 6MS, EV 73.8 MPH) Eugênio Asceno to second
|
Batting: LHB Bill McGregor
|
0-0: Ball 1-0: Swinging Strike 1-1: Foul Ball, location: 2F 1-2: Ball 2-2: Foul Ball, location: 2F 2-2: Ball 3-2: SINGLE (Flyball, 6D, EV 85.6 MPH) Eugênio Asceno to third Runner from 3rd tries for Home, SAFE, throw by CF to home
|
Batting: LHB Steve Anderson
|
0-0: Called Strike 0-1: Ball 1-1: Foul Ball, location: 2F 1-2: SINGLE (Flyball, 78S, EV 100.6 MPH) Bill McGregor to second
|
Batting: RHB Mike Salmon
|
0-0: Ball 1-0: Foul Ball, location: 2F 1-1: SINGLE (Flyball, 8RS, EV 94.4 MPH) Bill McGregor to third Steve Anderson to second Runner from 3rd tries for Home, throw by CF and OUT! 8-2
|
Top of the 5th over - 1 run, 3 hits, 0 errors, 2 left on base; Montreal 10 - Detroit 1 |
BOTTOM OF THE 5TH |
Detroit Tigers batting - Pitching for Montreal Expos : RHP Cheng-ho Hsu
|
Batting: SHB Ross Holland
|
0-0: Swinging Strike 0-1: Ball 1-1: Ground out U3 (Groundball, 3, EV 105.0 MPH)
|
Batting: LHB Emmanuel Gaskin
|
0-0: Hit by Pitch
|
Batting: RHB Jerry Jauregui
|
0-0: Ball 1-0: Called Strike 1-1: Foul Ball, location: 2F 1-2: Strikes out swinging
|
Batting: LHB Tyler Davis
|
0-0: Ball 1-0: Called Strike Emmanuel Gaskin is caught stealing 2nd base 2-6
|
Bottom of the 5th over - 0 runs, 0 hits, 0 errors, 0 left on base; Montreal 10 - Detroit 1 |
TOP OF THE 6TH |
Montreal Expos batting - Pitching for Detroit Tigers : RHP Franz Holzknecht
|
Batting: LHB Austin Ohmer
|
0-0: Ball 1-0: Swinging Strike 1-1: Ball 2-1: Ball 3-1: Foul Ball, location: 2F 3-2: Foul Ball, location: 2F 3-2: Base on Balls
|
Batting: RHB Steve French
|
0-0: Swinging Strike 0-1: Ball 1-1: Ball 2-1: Ball Austin Ohmer steals 2nd base 3-1: Base on Balls
|
Batting: RHB Hugo Bautista
|
0-0: Ball 1-0: Foul Ball, location: 2F 1-1: Ball 2-1: Grounds into DOUBLE play, U5-4-3 (Groundball, 5L, EV 106.2 MPH)
|
Batting: RHB C.J. Beavers
|
0-0: Called Strike 0-1: Swinging Strike 0-2: Foul Ball, location: 2F 0-2: Fielders Choice at 2nd, 6-4 (Groundball, 6D, EV 103.1 MPH)
|
Top of the 6th over - 0 runs, 0 hits, 0 errors, 1 left on base; Montreal 10 - Detroit 1 |
BOTTOM OF THE 6TH |
Detroit Tigers batting - Pitching for Montreal Expos : RHP Cheng-ho Hsu
|
Batting: LHB Tyler Davis
|
0-0: Ball 1-0: Ball 2-0: Ball 3-0: Called Strike 3-1: Base on Balls
|
Batting: RHB Ryan Neal
|
0-0: Called Strike 0-1: Ball 1-1: Foul Ball, location: 2F 1-2: Fielders Choice at 2nd, 5-4 (Groundball, 56S, EV 83.8 MPH)
|
Batting: RHB Victor Quinones
|
0-0: Ball 1-0: Grounds into double play, 3-6-1 (Groundball, 34, EV 77.5 MPH)
|
Bottom of the 6th over - 0 runs, 0 hits, 0 errors, 0 left on base; Montreal 10 - Detroit 1 |
TOP OF THE 7TH |
Montreal Expos batting - Pitching for Detroit Tigers : RHP Franz Holzknecht
|
Batting: RHB Eugênio Asceno
|
0-0: Fly out, F8 (Flyball, 8LM, EV 85.0 MPH)
|
Batting: RHB Robby Juarez
|
0-0: Ball 1-0: Ground out 5-3 (Groundball, 5, EV 104.4 MPH)
|
Pinch Hitting: RHB Shigem Kubo
|
0-0: Ball 1-0: Called Strike 1-1: Called Strike 1-2: Ball 2-2: Ground out 6-3 (Groundball, 6, EV 101.2 MPH)
|
Top of the 7th over - 0 runs, 0 hits, 0 errors, 0 left on base; Montreal 10 - Detroit 1 |
BOTTOM OF THE 7TH |
Detroit Tigers batting - Pitching for Montreal Expos : RHP Cheng-ho Hsu
|
Now in LF: Shigem Kubo
|
|
Pinch Hitting: LHB Bill Ford
|
0-0: Ball 1-0: Ball 2-0: Ground out 4-3 (Groundball, 4MD, EV 103.1 MPH)
|
Batting: RHB Dave Reynolds
|
0-0: Ground out U3 (Groundball, 34, EV 78.8 MPH)
|
Batting: RHB Adrian Novakovic
|
0-0: Ball 1-0: Ball 2-0: Called Strike 2-1: Fly out, F9 (Line Drive, 9LM, EV 100.6 MPH)
|
Bottom of the 7th over - 0 runs, 0 hits, 0 errors, 0 left on base; Montreal 10 - Detroit 1 |
TOP OF THE 8TH |
Montreal Expos batting - Pitching for Detroit Tigers : RHP Franz Holzknecht
|
Pitching: RHP Steve McGaughey
|
|
Now in LF: Tyler Davis
|
|
Now in RF: Bill Ford
|
|
Batting: LHB Steve Anderson
|
0-0: Ground out 2-3 (Groundball, 13S, EV 71.9 MPH)
|
Batting: RHB Mike Salmon
|
0-0: Called Strike 0-1: Fly out, F7 (Flyball, 78M, EV 90.6 MPH)
|
Batting: LHB Austin Ohmer
|
0-0: Foul Ball, location: 2F 0-1: Called Strike 0-2: Ball 1-2: Ball 2-2: Strikes out swinging
|
Top of the 8th over - 0 runs, 0 hits, 0 errors, 0 left on base; Montreal 10 - Detroit 1 |
BOTTOM OF THE 8TH |
Detroit Tigers batting - Pitching for Montreal Expos : RHP Cheng-ho Hsu
|
Batting: SHB Ross Holland
|
0-0: Swinging Strike 0-1: Ball 1-1: Ball 2-1: Foul Ball, location: 2F 2-2: Ball 3-2: Strikes out swinging
|
Batting: LHB Emmanuel Gaskin
|
0-0: Ball 1-0: Ball 2-0: Ball 3-0: Base on Balls
|
Batting: RHB Jerry Jauregui
|
0-0: Called Strike 0-1: Foul Ball, location: 2F 0-2: Ball 1-2: Ball 2-2: Fly out, F7 (Flyball, 7, EV 93.8 MPH)
|
Pitching: RHP Chet Tague
|
|
Batting: LHB Tyler Davis
|
0-0: Foul Ball, location: 2F 0-1: Foul Ball, location: 2F 0-2: Foul Ball, location: 2F 0-2: Strikes out looking
|
Bottom of the 8th over - 0 runs, 0 hits, 0 errors, 1 left on base; Montreal 10 - Detroit 1 |
TOP OF THE 9TH |
Montreal Expos batting - Pitching for Detroit Tigers : RHP Steve McGaughey
|
Pinch Hitting: RHB Danny Diaz
|
0-0: Ball 1-0: Foul Ball, location: 2F 1-1: Swinging Strike 1-2: Strikes out swinging
|
Batting: RHB Hugo Bautista
|
0-0: Called Strike 0-1: Ball 1-1: Ground out 4-3 (Groundball, 4, EV 106.9 MPH)
|
Batting: RHB C.J. Beavers
|
0-0: Foul Ball, location: 2F 0-1: Ball 1-1: Ball 2-1: Ball 3-1: Base on Balls
|
Batting: RHB Eugênio Asceno
|
0-0: Called Strike 0-1: Ball 1-1: Ball 2-1: Ball 3-1: Foul Ball, location: 2F 3-2: Base on Balls C.J. Beavers to second
|
Batting: RHB Robby Juarez
|
0-0: Fly out, F7 (Flyball, 7, EV 82.5 MPH)
|
Top of the 9th over - 0 runs, 0 hits, 0 errors, 2 left on base; Montreal 10 - Detroit 1 |
BOTTOM OF THE 9TH |
Detroit Tigers batting - Pitching for Montreal Expos : RHP Chet Tague
|
Now at 1B: Steve Anderson
|
|
Now at 3B: Danny Diaz
|
|
Batting: RHB Ryan Neal
|
0-0: Ball 1-0: Called Strike 1-1: Fly out, F7 (Flyball, 78D, EV 92.5 MPH)
|
Pinch Hitting: RHB Luke Feeney
|
0-0: Ball 1-0: Foul Ball, location: 2F 1-1: Ball 2-1: Ball 3-1: Base on Balls
|
Batting: LHB Bill Ford
|
0-0: Ball 1-0: Ball 2-0: Called Strike 2-1: Ball 3-1: Fielders Choice at 2nd, 1-6 (Groundball, 34S, EV 65.6 MPH)
|
Batting: RHB Dave Reynolds
|
0-0: Ball 1-0: Called Strike 1-1: Foul Ball, location: 2F 1-2: Ball 2-2: Strikes out swinging
|
Bottom of the 9th over - 0 runs, 0 hits, 0 errors, 1 left on base; Montreal 10 - Detroit 1 |
|